 Dungeon Crawl Stone Soup version 0.30-a0-374-g95c0257040 (webtiles) character file.

Game seed: 11760523281463766319

135 GiantSquids the Ruffian (level 4, -1/40 (44) HPs)
             Began as a Troll Monk on Nov 26, 2022.
             Slain by a hell rat (6 damage)
             ... in a sewer.
             The game lasted 00:02:32 (1325 turns).

GiantSquids the Ruffian (Troll Monk)                Turns: 1325, Time: 00:02:33

HP:   -1/40 (44)    AC:  4    Str: 21    XL:     4   Next: 96%
MP:   3/3           EV: 10    Int:  6    God:
Gold: 62            SH:  0    Dex: 12    Spells: 3/3 levels left

rFire   . . .      SeeInvis .      - Unarmed
rCold   . . .      Faith    .    (no shield)
rNeg    . . .      Spirit   .    a - +0 robe
rPois   +          Reflect  .    (helmet restricted)
rElec   .          Harm     .    (no cloak)
rCorr   .          Rampage  .    (gloves unavailable)
Will    .....                    (boots unavailable)
Stlth   ++........               (no amulet)
HPRegen 1.06/turn                m - ring of poison resistance
MPRegen 0.08/turn                (no ring)

@: drained
A: large, unfitting armour, claws 3, regeneration 1, shaggy fur 1, tough skin 1
a: no special abilities


You were in a sewer.
You visited 1 branch of the dungeon, and saw 3 of its levels.
You also visited: Sewer.

You collected 62 gold pieces.

Inventory:

Missiles
 c - 41 stones (quivered)
Armour
 a - a +0 robe (worn)
Jewellery
 m - a ring of poison resistance (left claw)
Scrolls
 d - 3 scrolls of identify {unknown}
 e - a scroll of teleportation {unknown}
 g - a scroll of amnesia {unknown}
 h - a scroll of noise {unknown}
 i - a scroll of blinking {unknown}
 k - a scroll of magic mapping {unknown}
 l - a scroll of enchant weapon {unknown}
Potions
 b - a potion of ambrosia
 f - a potion of curing {unknown}
 j - 2 potions of berserk rage {unknown}


   Skills:
 + Level 2.9 Fighting
 * Level 2.2 Throwing
 + Level 2.9 Dodging
 - Level 1.0 Stealth
 * Level 4.1 Unarmed Combat


You had 3 spell levels left.
You didn't know any spells.
Your spell library was empty.

Dungeon Overview and Level Annotations

Branches:
Dungeon (3/15)              Sewer (1/1)

Altars:


Innate Abilities, Weirdness & Mutations

You are too large for most types of armour.
You have claws for hands.
Your natural rate of healing is unusually fast.
You are covered in fur. (AC +1)
You have tough skin. (AC +1)


Message History

You see here a rat corpse.
A river rat comes into view.
You barely miss the rat. The rat bites you.
You scratch the rat.
You kill the rat!
You enter the shallow water.
Moving in this stuff is going to be slow.
A rat comes into view.
You completely miss the river rat. The river rat bites you.
You barely miss the river rat. You claw the river rat!
You kill the river rat!
You see here a river rat corpse.
The rat bites you.
You claw the rat!
You kill the rat!
You see here a rat corpse.
You open the door.
A hell rat comes into view.
Found six items.
Found a gate leading back out of this place.
The hell rat roars deafeningly!
There is an open door here.
You enter the shallow water.
Moving in this stuff is going to be slow.
The hell rat bites you!
You closely miss the hell rat. You claw the hell rat.
The hell rat is lightly wounded.
The hell rat bites you!
You feel drained.
You scratch the hell rat.
The hell rat is lightly wounded.
The hell rat completely misses you.
You barely miss the hell rat.
The hell rat is lightly wounded.
The hell rat splashes around in the water.
The hell rat attacks as you move away! The hell rat bites you!
* * * LOW HITPOINT WARNING * * *
You feel drained.
* * * LOW HITPOINT WARNING * * *
The hell rat bites you.
You die...

#########
###.~.~.~~###
#.~~...~†...###
~~.~~##@##~.~..#
~.~# #~r~###†~.##
~. #.~~~~~.##~~~#
~ #.~.~~~..~#~..#
~~##~!$?[$~##~~.#
~..###?∩!###.~†##
~.~..#####~....#
#~~...∩.~.~.###
##.~~∩~~~###


You could see a hell rat.

Vanquished Creatures
  2 river rats
  6 adders
  9 worms (D:3)
  6 ball pythons
  2 bats (D:2)
  6 endoplasms
  A giant cockroach (D:1)
  2 goblins (D:1)
  2 hobgoblins (D:3)
  3 kobolds (D:1)
  6 rats
45 creatures vanquished.

Notes
Turn   | Place    | Note
-------+----------+-------------------------------------------
     0 | D:1      | GiantSquids the Troll Monk began the quest for the Orb.
     0 | D:1      | Reached XP level 1. HP: 22/22 MP: 0/0
   260 | D:1      | Found a faded altar of an unknown god.
   323 | D:1      | Reached XP level 2. HP: 29/29 MP: 1/1
   670 | D:2      | Reached skill level 1 in Throwing
   715 | D:2      | Reached XP level 3. HP: 36/36 MP: 2/2
  1159 | D:3      | Reached XP level 4. HP: 39/44 MP: 3/3
  1234 | D:3      | Reached skill level 4 in Unarmed Combat
  1289 | D:3      | Found a glowing drain.
  1294 | Sewer    | Entered a sewer
  1325 | Sewer    | Slain by a hell rat

Illustrated notes

Levels and vault maps discovered:
D:1:      dpeg_arrival_snail, layout_basic,
          hellmonk_ecumenical_altar_leap_of_faith
D:2:      layout_rooms, kennysheep_boxes
D:3:      layout_rooms, mainiacjoe_overflow_divided_tiny, serial_curves,
          eino_curves_02, eino_curves_02, lightli_sewer_entry_pipes,
          gammafunk_ghost_grave
Sewer:    sewer_hellmonk_bad_rat

Skill      XL: |  1  2  3  4 |
---------------+-------------+-----
Throwing       | 1 2 |  2.2
Unarmed Combat | 4 |  4.1
Fighting       | |  2.9
Dodging        | |  2.9
Stealth        | |  1.0

Action                   |  1- 3 |  4- 6 || total
-------------------------+-------+-------++-------
Melee: Unarmed           |    66 |    62 ||   128
       Punch             |     5 |     4 ||     9
 Stab: Sleeping          |     3 |       ||     3
Armor: Robe              |    19 |     7 ||    26
Dodge: Dodged            |    36 |    14 ||    50

Table legend: (Time is in decaauts)
 A = Elapsed time spent in this place.
 B = Non-inter-level travel time spent in this place.
 C = Inter-level travel time spent in this place.
 D = Time resting spent in this place.
 E = Time spent auto-exploring this place.
 F = Levels seen in this place.
 G = Mean time per level.
                   A        B        C        D        E       F      G
               +--------+--------+--------+--------+--------+-----+--------+
         Total |   1339 |   1310 |     29 |      0 |    970 |   4 |  334.8 |
       Dungeon |   1308 |   1279 |     29 |      0 |    968 |   3 |  436.0 |
         Sewer |     31 |     31 |      0 |      0 |      2 |   1 |   31.0 |
               +--------+--------+--------+--------+--------+-----+--------+

Top non-repeatable levels by time:
     D:1: 646 daAuts
     D:2: 490 daAuts
     D:3: 170 daAuts
   Sewer: 31 daAuts
